[Event "Titled Tuesday Blitz May 16 Late 2023"]
[White "Ismayilova, Khanim"]
[Black "Guerra Tulcan, Lenin"]
[WhiteFideId "13429019"]
[BlackFideId "3601382"]
[WhiteElo "1633"]
[BlackElo "2368"]
[Result "1/2-1/2"]
[Round "01"]
[TimeControl "180+2"]
[Date "2023.05.16"]
[WhiteClock "0:00:15"]
[BlackClock "0:00:37"]

1. c4 Nf6 2. Nc3 e5 3. Nf3 Nc6 4. e3 a6 5. d4 exd4 6. exd4 d5 7. Be2 Bb4 8. O-O dxc4 9. Bxc4 O-O 10. Bg5 h6 11. Bh4 Bg4 12. Nd5 g5 13. Nxf6+ Qxf6 14. Bg3 Bxf3 15. Qxf3 Qxf3 16. gxf3 Nxd4 17. Kg2 b5 18. Rad1 c5 19. Bd3 Rad8 20. Bc7 Rd7 21. Be5 Rfd8 22. Bf6 Re8 23. Bf5 Rd5 24. Be4 Rd6 25. Bxd4 cxd4 26. Rd3 Re5 27. Rfd1 Bc5 28. Rc1 f5 29. Bb7 Kf7 30. a3 a5 31. Rc2 Rb6 32. Ba8 Ke7 33. f4 gxf4 34. Kf3 Kd6 35. Kxf4 Rb8 36. Bg2 Rg8 37. Rg3 Rxg3 38. hxg3 Ke6 39. Bh3 Bd6 40. Kf3 Rc5 41. Rxc5 Bxc5 42. Ke2 d3+ 43. Kxd3 Bxf2 44. g4 fxg4 45. Bxg4+ Ke5 46. Ke2 Bd4 47. Bd7 Bxb2 48. Bxb5 Bxa3 49. Kf3 Bc1 50. Kg2 Kf4 51. Kh1 Kg3 52. Bc6 h5 53. Bd7 h4 54. Bc6 Bd2 55. Bd7 Be1 56. Bc6 Kf4 57. Bd7 Bg3 58. Bc6 Ke5 59. Bd7 Kd6 60. Ba4 Kc5 61. Be8 h3 62. Bd7 h2 63. Be8 Bd6 64. Ba4 Kb6 65. Be8 Kc7 66. Ba4 Kd8 67. Bc6 Ke7 68. Ba4 Be5 69. Bb5 Bf4 70. Ba4 Kd6 71. Bb5 Kc5 72. Be8 Kb4 73. Bd7 a4 74. Bxa4 Kxa4 75. Kg2 Kb3 76. Kh1 Kc3 77. Kg2 Kd2 78. Kh1 Ke2 79. Kg2 Ke1 80. Kh1 Kf1 1/2-1/2


[Site "https://www.chess.com"]

[Event "Titled Tuesday Blitz May 16 Late 2023"]
[White "Roebers, Eline"]
[Black "Arias Igual, Alejandro"]
[WhiteFideId "1058401"]
[BlackFideId "2254905"]
[WhiteElo "2526"]
[BlackElo "2179"]
[Result "1-0"]
[Round "01"]
[TimeControl "180+2"]
[Date "2023.05.16"]
[WhiteClock "0:01:35"]
[BlackClock "0:01:40"]

1. f4 Nf6 2. Nf3 g6 3. g3 Bg7 4. Bg2 O-O 5. O-O d5 6. d3 b6 7. Qe1 Bb7 8. Na3 c5 9. c3 Nbd7 10. h3 Qc7 11. g4 e5 12. fxe5 Nxe5 13. Nxe5 Qxe5 14. Bf4 Qe7 15. Qf2 a6 16. Bg5 Rab8 17. Bxf6 Bxf6 18. Qxf6 Qxe2 19. Qf2 Qxd3 20. Rad1 1-0


[Site "https://www.chess.com"]

[Event "Titled Tuesday Blitz May 16 Late 2023"]
[White "Castillo Pena, Patricia Evarista"]
[Black "Safin, Robert"]
[WhiteFideId "6412106"]
[BlackFideId "34189120"]
[WhiteElo "1919"]
[BlackElo "2295"]
[Result "0-1"]
[Round "01"]
[TimeControl "180+2"]
[Date "2023.05.16"]
[WhiteClock "0:00:00"]
[BlackClock "0:00:02"]

1. d4 Nf6 2. Nf3 d5 3. e3 c6 4. Bd3 Bg4 5. Nbd2 e6 6. O-O Nbd7 7. c4 Bd6 8. Qb3 Rb8 9. h3 Bh5 10. Qa4 a6 11. c5 Bc7 12. b4 O-O 13. Bb2 Re8 14. Ne5 Nxe5 15. dxe5 Nd7 16. f4 f6 17. exf6 Nxf6 18. Be5 Bxe5 19. fxe5 Nd7 20. Qc2 Qg5 21. Bxh7+ Kh8 22. Nf3 Bxf3 23. Rxf3 Nxe5 24. Rf2 g6 25. Qc3 Kxh7 26. h4 Qh5 27. Rf4 Rf8 28. Raf1 Rxf4 29. Rxf4 Rg8 30. Qd4 Rg7 31. e4 dxe4 32. Rxe4 Nf7 33. Rxe6 Qd5 34. Qxd5 cxd5 35. Kf2 g5 36. hxg5 Nxg5 37. Rd6 Rf7+ 38. Kg1 Re7 39. Rxd5 Ne4 40. Rh5+ Kg6 41. Rh4 Nc3 42. a4 Kg5 43. Rc4 Nxa4 44. b5 axb5 45. Rb4 Nxc5 46. Rxb5 Rc7 47. Kh2 Kf5 48. Kg3 Ke5 49. Kf3 Kd5 50. g4 Kc6 51. Rb1 b5 52. g5 Rb7 53. Kg4 b4 54. g6 b3 55. Kg5 Kd5 56. Kh6 Ne6 57. Rd1+ Kc4 58. Re1 b2 59. Rb1 Kd3 60. g7 Kc2 61. g8=Q Kxb1 62. Qxe6 Rb4 63. Qg6+ Ka2 64. Qf7+ Ka3 65. Qa7+ Kb3 0-1


[Site "https://www.chess.com"]

[Event "Titled Tuesday Blitz May 16 Late 2023"]
[White "Jovic, Stanoje"]
[Black "Vargas, Mauricio"]
[WhiteFideId "905020"]
[BlackFideId "4404572"]
[WhiteElo "2236"]
[BlackElo "1986"]
[Result "1-0"]
[Round "01"]
[TimeControl "180+2"]
[Date "2023.05.16"]
[WhiteClock "0:00:02"]
[BlackClock "0:00:00"]

1. c4 e5 2. g3 Nc6 3. Bg2 f5 4. Nh3 Nf6 5. O-O h6 6. d3 g5 7. f4 g4 8. Nf2 d6 9. Nc3 h5 10. e4 h4 11. exf5 hxg3 12. hxg3 Bxf5 13. Nfe4 Bxe4 14. Nxe4 Qe7 15. Nxf6+ Qxf6 16. fxe5 Qg7 17. Qa4 O-O-O 18. d4 Nxd4 19. Qxa7 Ne2+ 20. Kf2 Qxe5 21. Qxb7+ Kd7 22. Qc6+ Ke7 23. Qe4 Qxe4 24. Bxe4 Rh2+ 25. Bg2 Nxc1 26. Raxc1 Bh6 27. Rce1+ Kd7 28. Kg1 Rh5 29. Rf7+ Kc8 30. Ree7 Rc5 31. b3 Bd2 32. Bd5 Bc3 33. a3 Bd4+ 34. Kg2 Rh8 35. b4 c6 36. Be6+ 1-0


[Site "https://www.chess.com"]

[Event "Titled Tuesday Blitz May 16 Late 2023"]
[White "Sanchez, Robert"]
[Black "Altman, Joshua"]
[WhiteFideId "2034360"]
[BlackFideId "426210"]
[WhiteElo "1864"]
[BlackElo "2028"]
[Result "0-1"]
[Round "01"]
[TimeControl "180+2"]
[Date "2023.05.16"]
[WhiteClock "0:01:11"]
[BlackClock "0:01:12"]

1. e4 e6 2. d4 d5 3. Nc3 Nf6 4. e5 Nfd7 5. f4 c5 6. Nf3 Nc6 7. Be3 a6 8. Qd2 b5 9. Be2 Be7 10. O-O O-O 11. Nd1 b4 12. c3 a5 13. Nf2 Ba6 14. Bxa6 Rxa6 15. f5 exf5 16. Qd3 Qc8 17. Qxf5 Ndxe5 18. Qf4 Ng6 19. Qg3 bxc3 20. bxc3 cxd4 21. cxd4 Nb4 22. Rac1 Qe6 23. a3 Nd3 24. Rce1 Nxe1 25. Rxe1 Bd6 26. Qg5 h6 27. Qh5 Qd7 28. Ng4 Bf4 29. Nfe5 Nxe5 30. dxe5 Bxe3+ 31. Rxe3 Rg6 32. Rg3 Qa7+ 33. Kh1 Qd4 34. h3 Qf4 35. e6 Qxg3 0-1


[Site "https://www.chess.com"]

[Event "Titled Tuesday Blitz May 16 Late 2023"]
[White "Ozates, Tuna"]
[Black "Panico, Nick"]
[WhiteFideId "6354521"]
[BlackFideId "2026724"]
[WhiteElo "2151"]
[BlackElo "1982"]
[Result "1-0"]
[Round "01"]
[TimeControl "180+2"]
[Date "2023.05.16"]
[WhiteClock "0:02:00"]
[BlackClock "0:02:02"]

1. d4 f5 2. g3 Nf6 3. Bg2 g6 4. Nh3 Bg7 5. O-O O-O 6. c4 d6 7. d5 Na6 8. Nf4 Bd7 9. Nc3 Qe8 10. Rb1 c6 11. b4 Nc7 12. Bb2 Rc8 13. dxc6 bxc6 14. Qa4 c5 15. b5 a6 16. Qb3 axb5 17. cxb5+ Kh8 18. a4 g5 19. Nfd5 Be6 20. Rfd1 Qf7 21. b6 Ncxd5 22. Nxd5 c4 23. Qb5 Rc5 24. Bxf6 Rxb5 25. Bxg7+ Kxg7 26. Rxb5 Rb8 27. a5 Qe8 28. Nc7 Qd7 29. a6 Qxc7 30. bxc7 Rxb5 31. a7 c3 32. a8=Q c2 1-0


[Site "https://www.chess.com"]

[Event "Titled Tuesday Blitz May 16 Late 2023"]
[White "Carlsen, Magnus"]
[Black "Rosen, Eric"]
[WhiteFideId "1503014"]
[BlackFideId "2032562"]
[WhiteElo "2852"]
[BlackElo "2331"]
[Result "1-0"]
[Round "02"]
[TimeControl "180+2"]
[Date "2023.05.16"]
[WhiteClock "0:02:12"]
[BlackClock "0:00:01"]

1. f4 d5 2. Nf3 g6 3. d3 Bg7 4. e4 c6 5. e5 Nh6 6. d4 Bg4 7. h3 Bxf3 8. Qxf3 Nf5 9. c3 e6 10. g4 Nh4 11. Qf2 h5 12. Be3 Nd7 13. Nd2 Bf8 14. O-O-O Be7 15. Bd3 Qa5 16. Kb1 O-O-O 17. f5 gxf5 18. gxf5 exf5 19. Bxf5 Nxf5 20. Qxf5 Rdf8 21. Rhg1 Qd8 22. Rg7 f6 23. e6 Nb6 24. Bf4 Rfg8 25. Rf7 Rg2 26. h4 Nc4 27. Nxc4 dxc4 28. d5 Qb6 29. Bc1 Ba3 30. Rf8+ Rxf8 31. e7+ Kb8 32. Bf4+ Ka8 33. exf8=Q+ Bxf8 34. Qc8# 1-0


[Site "https://www.chess.com"]

[Event "Titled Tuesday Blitz May 16 Late 2023"]
[White "Vlassov, Nikolai"]
[Black "Naroditsky, Daniel"]
[WhiteFideId "4103360"]
[BlackFideId "2026961"]
[WhiteElo "2324"]
[BlackElo "2633"]
[Result "0-1"]
[Round "02"]
[TimeControl "180+2"]
[Date "2023.05.16"]
[WhiteClock "0:00:01"]
[BlackClock "0:00:07"]

1. e4 c5 2. c3 d5 3. exd5 Nf6 4. Bb5+ Nbd7 5. c4 a6 6. Bxd7+ Qxd7 7. Nf3 e6 8. Qe2 Be7 9. dxe6 Qxe6 10. Qxe6 Bxe6 11. b3 O-O 12. Bb2 b5 13. d3 Rfd8 14. Ke2 Rab8 15. Be5 Rb7 16. Rd1 Rbd7 17. cxb5 axb5 18. Nc3 Bf5 19. Ne1 Ng4 20. Bf4 Bf6 21. Rac1 Ra8 22. Rd2 Ra5 23. Ne4 Bd4 24. Nxc5 Re7+ 25. Kf1 h6 26. Ne4 Bxe4 27. dxe4 Bxf2 28. Rxf2 Nxf2 29. Kxf2 Rxe4 30. Kf3 Re6 31. Ra1 Rea6 32. Nd3 Rxa2 33. Rxa2 Rxa2 34. b4 g5 35. Be5 f5 36. h3 Kf7 37. g4 Ra3 38. Ke2 f4 39. h4 f3+ 40. Kd2 gxh4 41. Nf4 Ra2+ 42. Ke1 h3 43. Nd3 h2 44. Bxh2 Rxh2 45. Ne5+ Kf6 46. Nxf3 Rb2 47. Nd4 Rxb4 48. Nf5 h5 49. Ne3 Re4 50. Kf2 Rxe3 51. Kxe3 hxg4 52. Kf4 b4 0-1


[Site "https://www.chess.com"]

[Event "Titled Tuesday Blitz May 16 Late 2023"]
[White "Caruana, Fabiano"]
[Black "Mendez Fortes, Eduardo Jesus"]
[WhiteFideId "2020009"]
[BlackFideId "3502376"]
[WhiteElo "2837"]
[BlackElo "2307"]
[Result "1-0"]
[Round "02"]
[TimeControl "180+2"]
[Date "2023.05.16"]
[WhiteClock "0:01:23"]
[BlackClock "0:00:43"]

1. b3 d5 2. Bb2 Nf6 3. e3 e6 4. g4 h6 5. Bg2 c5 6. d3 Nc6 7. Nd2 e5 8. h3 Be6 9. Qe2 Bd6 10. Ngf3 Qe7 11. e4 d4 12. Nc4 Bc7 13. a4 b6 14. c3 O-O 15. cxd4 exd4 16. Bc1 Nd7 17. g5 hxg5 18. Nxg5 Bxc4 19. bxc4 f6 20. e5 Nb4 21. Bxa8 fxg5 22. Be4 Nxe5 23. Kd1 Qf6 24. Rf1 Qh6 25. Bd2 Qh4 26. Bxb4 cxb4 27. Kc2 Kh8 28. f3 Nf7 29. Rg1 Bf4 30. Rg4 Qh5 31. h4 Ne5 32. hxg5 Nxg4 33. fxg4 Qh4 34. Rh1 Bh2 35. Rxh2 1-0


[Site "https://www.chess.com"]

[Event "Titled Tuesday Blitz May 16 Late 2023"]
[White "Maltsevskaya, Aleksandra"]
[Black "Mamedyarov, Shakhriyar"]
[WhiteFideId "24174041"]
[BlackFideId "13401319"]
[WhiteElo "2302"]
[BlackElo "2704"]
[Result "1-0"]
[Round "02"]
[TimeControl "180+2"]
[Date "2023.05.16"]
[WhiteClock "0:00:07"]
[BlackClock "0:00:00"]

1. Nf3 g6 2. c4 Bg7 3. Nc3 d6 4. g3 Nf6 5. Bg2 O-O 6. O-O e5 7. d4 Nbd7 8. dxe5 dxe5 9. b3 Re8 10. Bb2 c6 11. Qc2 Nc5 12. Rad1 Qc7 13. Ba3 Bf5 14. Qc1 Bf8 15. Ng5 e4 16. b4 Ncd7 17. c5 h6 18. Nh3 Ne5 19. Bb2 a5 20. b5 Qc8 21. Nf4 Bxc5 22. Nxe4 Nxe4 23. Bxe4 Bxf2+ 24. Rxf2 Bxe4 25. Nd3 Bxd3 26. exd3 Qg4 27. Rdf1 g5 28. Qc3 Re7 29. d4 Ng6 30. d5 Re5 31. dxc6 bxc6 32. bxc6 Qe6 33. Rxf7 Qe7 34. Rxe7 1-0


[Site "https://www.chess.com"]

[Event "Titled Tuesday Blitz May 16 Late 2023"]
[White "Deac, Bogdan-Daniel"]
[Black "Soham Kamotra"]
[WhiteFideId "1226380"]
[BlackFideId "46647490"]
[WhiteElo "2649"]
[BlackElo "2209"]
[Result "1-0"]
[Round "02"]
[TimeControl "180+2"]
[Date "2023.05.16"]
[WhiteClock "0:00:05"]
[BlackClock "0:00:10"]

1. b3 Nf6 2. Bb2 d5 3. e3 Bf5 4. c4 c6 5. cxd5 cxd5 6. Bb5+ Bd7 7. Qe2 Bxb5 8. Qxb5+ Qd7 9. Nc3 a6 10. Qe2 Nc6 11. Na4 Qd6 12. d4 e6 13. Nf3 Qb4+ 14. Bc3 Qb5 15. Nd2 Bd6 16. Nb2 Qxe2+ 17. Kxe2 b5 18. Nd3 Nd7 19. Rhc1 Ke7 20. Rc2 Rhc8 21. Rac1 Ra7 22. Ba5 Ndb8 23. Bb6 Rb7 24. Bc5 Rbc7 25. b4 Bxc5 26. bxc5 Na5 27. a4 Nbc6 28. axb5 axb5 29. Rb1 Rb8 30. Ra2 Rcb7 31. Nb3 Nxb3 32. Rxb3 Ra7 33. Rxa7+ Nxa7 34. Nb4 Kd7 35. Ra3 Nc6 36. Nxc6 Kxc6 37. Ra7 Rb7 38. Ra6+ Kc7 39. Kd2 b4 40. Kc2 b3+ 41. Kb2 Rb5 42. Ra7+ Kc6 43. Rxf7 e5 44. Rxg7 exd4 45. exd4 Rb4 46. Rxh7 Rxd4 47. Kxb3 Rd2 48. Rf7 Kxc5 49. Kc3 Ra2 50. h4 Ra3+ 51. Kd2 Kd4 52. Ke2 Ra2+ 53. Kf3 Kd3 54. h5 d4 55. h6 Ra1 56. h7 Rh1 57. g4 Kd2 58. g5 Ke1 59. g6 Rh2 60. Kg3 Rh1 61. g7 d3 62. g8=Q Rg1+ 63. Kh2 Rxg8 64. hxg8=Q d2 65. Qe8+ Kf1 66. Rd7 Kxf2 67. Rxd2+ Kf1 68. Qe2# 1-0


[Site "https://www.chess.com"]

[Event "Titled Tuesday Blitz May 16 Late 2023"]
[White "Andreikin, Dmitry"]
[Black "Defend1r"]
[WhiteFideId "4158814"]
[WhiteElo "2736"]
[BlackElo "2639"]
[Result "1-0"]
[Round "02"]
[TimeControl "180+2"]
[Date "2023.05.16"]
[WhiteClock "0:01:29"]
[BlackClock "0:00:28"]

1. e4 c5 2. Nf3 d6 3. d4 cxd4 4. Nxd4 Nf6 5. Nc3 a6 6. Bg5 e6 7. f4 Qb6 8. Qd2 Qxb2 9. Rb1 Qa3 10. f5 Nc6 11. fxe6 fxe6 12. Nxc6 bxc6 13. Be2 Qc5 14. Be3 Qa5 15. O-O Be7 16. Bb6 Qe5 17. Bd4 Qa5 18. Kh1 c5 19. Bxf6 gxf6 20. e5 fxe5 21. Bf3 Ra7 22. Rb8 Kd8 23. Qh6 Kc7 24. Rxc8+ Rxc8 25. Qxe6 Qxc3 26. Qxe7+ Kb6 27. Rb1+ Ka5 28. Qxa7 Qc4 29. Qb6+ Ka4 30. Bd5 Qb5 31. Rxb5 axb5 1-0


[Site "https://www.chess.com"]

[Event "Titled Tuesday Blitz May 16 Late 2023"]
[White "Korchmar, Vasiliy"]
[Black "Bluebaum, Matthias"]
[WhiteFideId "24131750"]
[BlackFideId "24651516"]
[WhiteElo "2370"]
[BlackElo "2639"]
[Result "0-1"]
[Round "02"]
[TimeControl "180+2"]
[Date "2023.05.16"]
[WhiteClock "0:00:00"]
[BlackClock "0:00:16"]

1. e4 e6 2. d4 d5 3. e5 c5 4. c3 Nc6 5. Nf3 Nge7 6. Na3 Bd7 7. Nc2 Qa5 8. dxc5 Qc7 9. Ncd4 Nxe5 10. Nb5 Bxb5 11. Bxb5+ N7c6 12. b4 Be7 13. O-O O-O 14. Bf4 Nxf3+ 15. Qxf3 Qc8 16. Rfe1 b6 17. Bxc6 Qxc6 18. c4 Bf6 19. Rad1 bxc5 20. b5 Qb6 21. cxd5 exd5 22. Qxd5 Qxb5 23. Bd6 Rfc8 24. Bxc5 h6 25. Be3 Qa6 26. g3 Rd8 27. Qb3 Rdb8 28. Qd5 Re8 29. Kg2 Rad8 30. Qb3 Rb8 31. Qd5 Red8 32. Qf5 Qxa2 33. Rxd8+ Rxd8 34. Bxh6 a5 35. Bg5 Bxg5 36. Qxg5 Ra8 37. Qb5 a4 38. Re8+ Rxe8 39. Qxe8+ Kh7 40. Qe4+ g6 41. Qh4+ Kg7 42. Qd4+ f6 43. Qd7+ Kh6 44. Qh3+ Kg5 45. Qh4+ Kf5 46. Qf4+ Ke6 47. Qe4+ Kd6 48. Qxg6 Qd5+ 49. f3 Qd2+ 50. Kh3 Qg5 51. Qe8 Qh6+ 52. Kg2 Qd2+ 53. Kh3 Qd4 54. Qd8+ Kc5 55. Qc7+ Kb4 56. Qb7+ Kc3 57. Qc6+ Kb2 58. Qb5+ Kc2 59. Qe2+ Kc3 60. Qe1+ Kb2 61. Qe2+ Kb3 0-1


[Site "https://www.chess.com"]

[Event "Titled Tuesday Blitz May 16 Late 2023"]
[White "Bortnyk, Olexandr"]
[Black "Suder, Jakub"]
[WhiteFideId "14120828"]
[BlackFideId "1195310"]
[WhiteElo "2734"]
[BlackElo "2287"]
[Result "1-0"]
[Round "02"]
[TimeControl "180+2"]
[Date "2023.05.16"]
[WhiteClock "0:00:07"]
[BlackClock "0:00:20"]

1. d4 d5 2. Nc3 Nf6 3. Bf4 a6 4. e3 c5 5. dxc5 Nc6 6. a3 e5 7. Bg5 Be6 8. b4 Be7 9. Nf3 O-O 10. Na4 Qc7 11. Be2 Rad8 12. O-O Ne4 13. Bxe7 Qxe7 14. Qc1 f5 15. Qb2 Qf6 16. Kh1 g5 17. Rad1 g4 18. Nd2 Qh4 19. Nxe4 fxe4 20. c4 d4 21. b5 d3 22. bxc6 dxe2 23. Qxe2 bxc6 24. Nc3 Rxd1 25. Qxd1 Rxf2 26. Rxf2 Qxf2 27. Nxe4 Qf5 28. Qd8+ Kg7 29. Qg5+ Qxg5 30. Nxg5 Bxc4 31. Ne4 Bd3 32. Nc3 h5 33. Kg1 Kf6 34. Kf2 e4 35. Kg3 Kg5 36. Na4 h4+ 37. Kf2 Kf5 38. g3 h3 39. Nb6 Ke6 40. Ke1 Bc2 41. Kd2 Bd3 42. Kc3 Ke5 43. Kb4 Be2 44. Na8 Bf1 45. Nc7 Be2 46. Ka5 Bb5 47. Kb6 Ba4 48. Kxa6 Bb3 49. Kb6 Ba4 50. Ka5 Bb3 51. Kb4 Bc2 52. a4 Bd3 53. a5 1-0


[Site "https://www.chess.com"]

[Event "Titled Tuesday Blitz May 16 Late 2023"]
[White "Iliaguev, Nisim"]
[Black "Sarana, Alexey"]
[WhiteFideId "2817276"]
[BlackFideId "24133795"]
[WhiteElo "2241"]
[BlackElo "2714"]
[Result "1-0"]
[Round "02"]
[TimeControl "180+2"]
[Date "2023.05.16"]
[WhiteClock "0:00:16"]
[BlackClock "0:00:01"]

1. c4 e5 2. g3 c6 3. Bg2 d5 4. cxd5 cxd5 5. d4 e4 6. Nh3 Nc6 7. O-O h6 8. Nc3 Nf6 9. a3 Bd6 10. Nf4 Bc7 11. e3 O-O 12. b4 Ne7 13. a4 g5 14. Nh5 Nxh5 15. Qxh5 Kg7 16. f3 exf3 17. Bxf3 Be6 18. Bb2 Ng8 19. Bg2 Nf6 20. Qf3 Qe7 21. b5 Rad8 22. Rae1 Ba5 23. e4 Bxc3 24. Qxc3 Rfe8 25. Re2 Kg8 26. Ba3 Nxe4 27. Rxe4 Qd7 28. Re3 Rc8 29. Qd2 Rc4 30. h4 Rxa4 31. hxg5 hxg5 32. Ref3 Qd8 33. Bc1 Qe7 34. Qxg5+ Qxg5 35. Bxg5 Rc8 36. Bf6 Rc2 37. R3f2 Raa2 38. Rxc2 Rxc2 39. Be5 Kh7 40. Bf3 Rb2 41. Rf2 Rb1+ 42. Kg2 Rxb5 43. Be2 Kg6 44. Bxb5 1-0


[Site "https://www.chess.com"]

[Event "Titled Tuesday Blitz May 16 Late 2023"]
[White "TimGrutter03"]
[Black "Makarian, Rudik"]
[BlackFideId "44105681"]
[WhiteElo "2634"]
[BlackElo "2461"]
[Result "0-1"]
[Round "02"]
[TimeControl "180+2"]
[Date "2023.05.16"]
[WhiteClock "0:00:05"]
[BlackClock "0:00:59"]

1. e4 c5 2. Nf3 Nc6 3. Bb5 e6 4. O-O Nd4 5. Nxd4 cxd4 6. c3 a6 7. Ba4 b5 8. Bb3 Bc5 9. cxd4 Bxd4 10. d3 Ne7 11. Qe2 O-O 12. Be3 Nc6 13. Nc3 Bb7 14. Rac1 Rc8 15. Qd2 Qb6 16. Ne2 Bxe3 17. fxe3 Ne5 18. Nd4 a5 19. a3 b4 20. axb4 Qxb4 21. Qxb4 axb4 22. Rxc8 Rxc8 23. Rd1 Ba6 24. Bc2 Ng4 25. Ba4 Nxe3 26. Re1 Ng4 27. Bb5 Bxb5 28. Nxb5 Rc2 29. Ra1 g5 30. h3 Ne3 31. b3 Rxg2+ 32. Kh1 Rd2 33. d4 h5 34. Ra4 g4 35. hxg4 hxg4 36. Ra1 g3 37. Nd6 Rxd4 38. Ne8 Rd2 39. Nf6+ Kf8 40. Nh5 Rh2+ 41. Kg1 Rxh5 0-1


[Site "https://www.chess.com"]

[Event "Titled Tuesday Blitz May 16 Late 2023"]
[White "Zhigalko, Sergei"]
[Black "Popilski, Gil"]
[WhiteFideId "13502956"]
[BlackFideId "2809060"]
[WhiteElo "2626"]
[BlackElo "2537"]
[Result "0-1"]
[Round "02"]
[TimeControl "180+2"]
[Date "2023.05.16"]
[WhiteClock "0:00:00"]
[BlackClock "0:00:04"]

1. e4 c5 2. Nf3 g6 3. c3 d5 4. exd5 Qxd5 5. d4 Bg7 6. Na3 cxd4 7. Bc4 Qd8 8. Nb5 a6 9. Nbxd4 Nf6 10. O-O O-O 11. Re1 b5 12. Bb3 Bb7 13. Bg5 Nbd7 14. a4 bxa4 15. Bxa4 Nc5 16. Bc6 Qc7 17. Bxb7 Qxb7 18. Qe2 Rfe8 19. Bh4 a5 20. Ne5 a4 21. Qc4 Rec8 22. Qxf7+ Kh8 23. Qa2 Nb3 24. Rad1 Ne4 25. Bg3 Nxg3 26. hxg3 Bf6 27. Ndf3 Kg7 28. Rd7 Qb5 29. Qb1 Rd8 30. Rxd8 Rxd8 31. Qe4 Nd2 32. Qe3 Nxf3+ 33. gxf3 Qxb2 34. Ng4 Qxc3 35. Qh6+ Kg8 36. Rc1 Qd2 37. Qxd2 Rxd2 38. Rc8+ Kf7 39. Ra8 Rd4 40. Kg2 h5 41. Ne3 Rb4 42. Nd5 Rd4 43. Nb6 Rd2 44. Nc4 Ra2 45. f4 Bd4 46. Kf3 Bxf2 47. Ne5+ Ke6 48. Ra6+ Kd5 49. Nxg6 Be1 50. Nxe7+ Kc4 51. f5 Rf2+ 52. Ke3 Kb3 53. Nc6 Rf1 54. Ke2 Rh1 55. f6 Bc3 56. f7 Bg7 57. Nd4+ Kb4 58. Nf5 Bf8 59. Ra8 Bc5 60. Rb8+ Ka5 61. Rc8 Bb4 62. f8=Q Bxf8 63. Rxf8 a3 64. Ra8+ Kb4 65. Ne3 a2 66. Nc2+ Kb3 67. Nd4+ Kb2 68. Rb8+ Kc3 69. Nb3 Rb1 0-1


[Site "https://www.chess.com"]

[Event "Titled Tuesday Blitz May 16 Late 2023"]
[White "Schnaider, Ilan"]
[Black "Hakobyan, Aram"]
[WhiteFideId "169013"]
[BlackFideId "13306677"]
[WhiteElo "2224"]
[BlackElo "2584"]
[Result "0-1"]
[Round "02"]
[TimeControl "180+2"]
[Date "2023.05.16"]
[WhiteClock "0:00:06"]
[BlackClock "0:00:47"]

1. e4 g6 2. d4 Bg7 3. Nc3 c5 4. d5 d6 5. h3 Nf6 6. Nf3 O-O 7. Be2 b5 8. Nxb5 Nxe4 9. O-O Nd7 10. Bd3 Nef6 11. Re1 a6 12. Na3 Nb6 13. c4 e5 14. dxe6 Bxe6 15. Rb1 h6 16. b3 d5 17. Bb2 d4 18. b4 cxb4 19. Bxd4 a5 20. Bxg6 Nxc4 21. Nxc4 Bxc4 22. Bc2 Bxa2 23. Ra1 Bd5 24. Bxf6 Bxf6 25. Qd3 Re8 26. Rxe8+ Qxe8 27. Re1 Qc6 28. Qh7+ Kf8 29. Qxh6+ Bg7 30. Qd2 Bc3 31. Qg5 Bxe1 32. Ne5 Bxf2+ 33. Kxf2 Qxc2+ 34. Kg1 Qxg2+ 35. Qxg2 Bxg2 36. Nd7+ Ke7 37. Nb6 Rb8 38. Nc4 b3 39. Nxa5 b2 40. Nc6+ Bxc6 41. Kh2 Rb3 42. h4 b1=Q 43. h5 Qc2+ 44. Kg1 Rb1# 0-1


[Site "https://www.chess.com"]

[Event "Titled Tuesday Blitz May 16 Late 2023"]
[White "Rustemov, Alexander"]
[Black "Manukyan, Sargis A."]
[WhiteFideId "4119002"]
[BlackFideId "13303970"]
[WhiteElo "2983"]
[BlackElo "2187"]
[Result "1-0"]
[Round "02"]
[TimeControl "180+2"]
[Date "2023.05.16"]
[WhiteClock "0:00:16"]
[BlackClock "0:00:01"]

1. d4 d5 2. c4 e6 3. Nc3 Nf6 4. cxd5 Nxd5 5. Nf3 Nxc3 6. bxc3 c5 7. g3 cxd4 8. Qxd4 Qxd4 9. Nxd4 a6 10. Rb1 e5 11. Nb3 Bf5 12. Rb2 Ba3 13. Rd2 Bxc1 14. Nxc1 Nc6 15. Nb3 Rd8 16. Bg2 Rxd2 17. Kxd2 Kd7 18. Ke3 Kc7 19. Rd1 Bc2 20. Rd5 Bxb3 21. axb3 f6 22. Rc5 Rd8 23. Bxc6 bxc6 24. h4 Rd1 25. b4 Kb6 26. h5 Rh1 27. g4 Rg1 28. f3 Rd1 29. Ra5 Rd5 30. Ra1 c5 31. Ke4 Rd2 32. bxc5+ Kxc5 33. Rxa6 Rxe2+ 34. Kd3 Rf2 35. Ke3 Rc2 36. Ra7 Rxc3+ 37. Ke4 g6 38. Rc7+ Kb4 39. Rxh7 f5+ 40. Kxe5 gxh5 41. gxf5 Rxf3 42. Rxh5 Kc5 43. Rh6 Re3+ 44. Kf4 Re1 45. Ra6 Kd5 46. Kg5 Rg1+ 47. Kf6 Rg2 48. Kf7 Ke5 49. f6 Rf2 50. Ra5+ Kd6 51. Kg7 Ke6 52. Ra6+ Kd7 53. f7 Rg2+ 54. Kf8 Rg3 55. Ra1 Kd8 56. Rd1+ Kc7 57. Rd5 Kc6 58. Rf5 Kd6 59. Ke8 Re3+ 60. Kd8 Ke6 61. f8=Q Rd3+ 62. Kc7 Rd8 63. Qxd8 Kxf5 64. Qe7 1-0


[Site "https://www.chess.com"]

[Event "Titled Tuesday Blitz May 16 Late 2023"]
[White "Svane, Frederik"]
[Black "Novik, Maxim"]
[WhiteFideId "12923044"]
[BlackFideId "4102924"]
[WhiteElo "2502"]
[BlackElo "2287"]
[Result "1-0"]
[Round "02"]
[TimeControl "180+2"]
[Date "2023.05.16"]
[WhiteClock "0:00:25"]
[BlackClock "0:00:00"]

1. c4 Nf6 2. g3 c5 3. Nc3 g6 4. Nf3 Bg7 5. d4 cxd4 6. Nxd4 Nc6 7. Bg2 O-O 8. c5 Nxd4 9. Qxd4 Ne8 10. Qb4 d6 11. cxd6 Nxd6 12. O-O Be6 13. Rd1 Qb6 14. Qxb6 axb6 15. Nd5 Bxd5 16. Bxd5 Rac8 17. Bg5 Rfe8 18. Rac1 Rxc1 19. Rxc1 Bxb2 20. Rc7 Kf8 21. Bf4 Rd8 22. Bb3 Bf6 23. h4 h5 24. Kg2 b5 25. Bxd6 Rxd6 26. Rxb7 Rd2 27. Kf3 Rd6 28. Rb8+ Kg7 29. Rxb5 Bd4 30. e3 Bf6 31. a4 Rd2 32. a5 Rd6 33. Bc4 Bc3 34. Rc5 Rd2 35. a6 Rd7 36. Bxf7 Bb4 37. Rb5 Be1 38. Bc4 Rd2 39. Be2 Ra2 40. Rb7 Kf6 41. Rb6+ Kg7 42. Rb1 Bc3 43. Rb7 Bf6 44. a7 1-0


[Site "https://www.chess.com"]

[Event "Titled Tuesday Blitz May 16 Late 2023"]
[White "Karimov, Alisher"]
[Black "Rasulov, Vugar"]
[WhiteFideId "14700280"]
[BlackFideId "13402390"]
[WhiteElo "2186"]
[BlackElo "2509"]
[Result "1/2-1/2"]
[Round "02"]
[TimeControl "180+2"]
[Date "2023.05.16"]
[WhiteClock "0:00:14"]
[BlackClock "0:00:11"]

1. d4 Nf6 2. Nc3 e6 3. e4 d5 4. exd5 exd5 5. Bd3 Bd6 6. Nf3 O-O 7. O-O h6 8. Ne5 c5 9. Re1 cxd4 10. Nb5 Bxe5 11. Rxe5 Nc6 12. Re1 a6 13. Na3 Bg4 14. Qd2 Re8 15. h3 Bh5 16. b3 Ne4 17. Qf4 g5 18. Qh2 Qf6 19. f3 Nc5 20. Bb2 Nxd3 21. cxd3 Bg6 22. Qc7 Nb4 23. Rxe8+ Rxe8 24. Nc2 Nxc2 25. Qxc2 Re3 26. Rd1 Qe5 27. Qc5 Re1+ 28. Rxe1 Qxe1+ 29. Kh2 Qe5+ 30. Kh1 Kh7 31. Bxd4 Qf4 32. Qxd5 Bxd3 33. Qd8 Qc1+ 34. Kh2 Qf4+ 35. Kh1 Qc1+ 36. Kh2 Qf4+ 37. Kh1 1/2-1/2


[Site "https://www.chess.com"]

[Event "Titled Tuesday Blitz May 16 Late 2023"]
[White "Ibarra Jerez, Jose Carlos"]
[Black "cryptoguru02"]
[WhiteFideId "2226332"]
[WhiteElo "2638"]
[BlackElo "2617"]
[Result "1-0"]
[Round "02"]
[TimeControl "180+2"]
[Date "2023.05.16"]
[WhiteClock "0:01:16"]
[BlackClock "0:00:21"]

1. e4 e5 2. Nf3 Nc6 3. Nc3 Nf6 4. h3 Bb4 5. Nd5 Bc5 6. c3 d6 7. d4 Bb6 8. Bg5 exd4 9. Bxf6 gxf6 10. cxd4 Ba5+ 11. Nc3 f5 12. d5 fxe4 13. dxc6 exf3 14. Qxf3 bxc6 15. Bb5 Bxc3+ 16. Qxc3 Qe7+ 17. Kf1 O-O 18. Re1 Be6 19. Bxc6 Rab8 20. Re3 1-0


[Site "https://www.chess.com"]